[Event "Titled Tuesday Blitz March 22 Early 2022"]
[White "Aydin, Gulenay"]
[Black "Vine, Elzbieta"]
[WhiteFideId "34557431"]
[BlackFideId "1119320"]
[WhiteElo "1429"]
[BlackElo "1829"]
[Result "1-0"]
[Round "02"]
[TimeControl "180+1"]
[Date "2022.03.22"]
[WhiteClock "0:01:00"]
[BlackClock "0:00:26"]

1. e4 c5 2. Nf3 d6 3. d4 cxd4 4. Nxd4 Nf6 5. Nc3 a6 6. f3 Nc6 7. Be3 e5 8. Nb3 Be6 9. Qd2 d5 10. exd5 Nxd5 11. Nxd5 Bxd5 12. O-O-O Bxb3 13. Qxd8+ Rxd8 14. Rxd8+ Nxd8 15. axb3 Be7 16. Bc4 O-O 17. Re1 Nc6 18. Bb6 Bg5+ 19. Kb1 Bd8 20. Bc5 Re8 21. Bd5 Bc7 22. c4 g6 23. b4 Kg7 24. b5 axb5 25. cxb5 Nd8 26. b6 Bb8 27. Re3 f5 28. Ra3 e4 29. fxe4 fxe4 30. h3 Bf4 31. Ra4 Re5 32. Bd4 e3 33. Bxe5+ Bxe5 34. Re4 Bf4 35. Rxf4 e2 36. Re4 1-0


[Site "https://www.chess.com"]

[Event "Titled Tuesday Blitz March 22 Early 2022"]
[White "Babazada, Khazar"]
[Black "Bodnaruk, Anastasia"]
[WhiteFideId "13413554"]
[BlackFideId "4181751"]
[WhiteElo "2418"]
[BlackElo "2393"]
[Result "1-0"]
[Round "02"]
[TimeControl "180+1"]
[Date "2022.03.22"]
[WhiteClock "0:01:11"]
[BlackClock "0:00:02"]

1. Nf3 Nf6 2. g3 g6 3. Bg2 Bg7 4. O-O O-O 5. b3 c5 6. Bb2 Nc6 7. d3 d5 8. Nbd2 Re8 9. Qc1 e5 10. e4 d4 11. a4 Nh5 12. Nc4 f5 13. exf5 gxf5 14. Re1 f4 15. Qd1 Bg4 16. h3 Bxf3 17. Qxf3 Nf6 18. gxf4 exf4 19. Qxf4 Qd7 20. Nd6 Rf8 21. Nxb7 Qxb7 22. Re6 Rac8 23. Qf3 Nd7 24. Qd5 Nb6 25. Qxc5 Nd8 26. Qxf8+ Bxf8 27. Bxb7 Nxb7 28. Bxd4 Rxc2 29. a5 Nd5 30. a6 Nc5 31. Rc6 Nf4 32. Be3 Nfxd3 33. Rd1 Nb4 34. Rc8 Nbxa6 35. Rdd8 Rc1+ 36. Kg2 Re1 37. Rxf8+ Kg7 38. Rf5 Nxb3 39. Ra8 Nb4 40. Rxa7+ Kg6 41. Raf7 1-0


[Site "https://www.chess.com"]

[Event "Titled Tuesday Blitz March 22 Early 2022"]
[White "Baker, Chris W"]
[Black "Gaehwiler, Gabriel"]
[WhiteFideId "401676"]
[BlackFideId "1314530"]
[WhiteElo "2292"]
[BlackElo "2383"]
[Result "0-1"]
[Round "02"]
[TimeControl "180+1"]
[Date "2022.03.22"]
[WhiteClock "0:00:19"]
[BlackClock "0:01:42"]

1. c4 Nf6 2. Nf3 g6 3. g3 b6 4. Bg2 Bb7 5. O-O Bg7 6. Nc3 O-O 7. d4 Ne4 8. Nxe4 Bxe4 9. d5 c6 10. Re1 Qc8 11. Bh3 cxd5 12. cxd5 e6 13. d6 Qc5 14. Be3 Qh5 15. Bg2 Nc6 16. Qd2 Qd5 17. Qxd5 Bxd5 18. Bc1 Nb4 19. Ng5 Bxg2 20. Kxg2 Nc2 0-1


[Site "https://www.chess.com"]

[Event "Titled Tuesday Blitz March 22 Early 2022"]
[White "Bethke, Richard"]
[Black "Krylov, Ivan"]
[WhiteFideId "12959243"]
[BlackFideId "24128066"]
[WhiteElo "2525"]
[BlackElo "2258"]
[Result "1-0"]
[Round "02"]
[TimeControl "180+1"]
[Date "2022.03.22"]
[WhiteClock "0:00:32"]
[BlackClock "0:00:08"]

1. e4 c6 2. Nf3 d5 3. Nc3 dxe4 4. Nxe4 Nd7 5. Bc4 Ndf6 6. Neg5 e6 7. Ne5 Nh6 8. d4 Bd6 9. O-O O-O 10. Qf3 Qc7 11. Bf4 Nd5 12. Bg3 Nf5 13. Qh5 h6 14. Ngxf7 Rxf7 15. Nxf7 Qxf7 16. Qxf7+ Kxf7 17. Bxd6 Nxd6 18. Bb3 Bd7 19. Rfe1 Re8 20. Re5 Nf4 21. Rae1 Ng6 22. R5e3 Nf5 23. Rf3 Nh4 24. Rf4 g5 25. Rfe4 Kf6 26. f4 Ng6 27. fxg5+ hxg5 28. Rf1 Kg7 29. c3 Nd6 30. Rg4 Kh6 31. Rf6 Nf5 32. h4 Nxh4 33. Bc2 Nf5 34. Bxf5 exf5 35. Rg3 Kg7 36. Rd6 Bc8 37. Rxg5 Re6 38. Rd8 Kf6 39. Rg3 Ne7 40. Rf8# 1-0


[Site "https://www.chess.com"]

[Event "Titled Tuesday Blitz March 22 Early 2022"]
[White "Bluebaum, Matthias"]
[Black "Sanchez Alvares, Kelvin Antonio"]
[WhiteFideId "24651516"]
[BlackFideId "3906680"]
[WhiteElo "2550"]
[BlackElo "2193"]
[Result "1-0"]
[Round "02"]
[TimeControl "180+1"]
[Date "2022.03.22"]
[WhiteClock "0:01:01"]
[BlackClock "0:00:15"]

1. b3 d6 2. d4 Nf6 3. Bb2 g6 4. Nf3 Bg7 5. g3 O-O 6. Bg2 c5 7. O-O Nc6 8. c4 cxd4 9. Nxd4 Bd7 10. Nc2 Rc8 11. Nc3 a6 12. Rc1 Na5 13. Ne3 b5 14. cxb5 axb5 15. Qd2 b4 16. Ncd5 Nxd5 17. Nxd5 Bxb2 18. Qxb2 Nc6 19. Qd2 Rb8 20. Rc4 e6 21. Nxb4 Ne5 22. Rd4 Qa5 23. Rd1 d5 24. Nxd5 Qxd2 25. Nf6+ Kg7 26. R1xd2 Kxf6 27. f4 Bb5 28. fxe5+ Kxe5 29. Re4+ Kf6 30. a4 Be8 31. a5 Bb5 32. Rf4+ Ke7 33. Rfd4 Rfc8 34. b4 Rc4 35. Kf2 Rxd4 36. Rxd4 Ba6 37. Bc6 Bb5 38. Bxb5 Rxb5 39. Ke3 e5 40. Rc4 Kd6 41. Kd3 Rd5+ 42. Kc3 Rd1 43. Kb2 Rd2+ 44. Rc2 Rd1 45. a6 1-0


[Site "https://www.chess.com"]

[Event "Titled Tuesday Blitz March 22 Early 2022"]
[White "Bongo Akanga Ndjila, Barthelemy"]
[Black "Baches Garcia, Guillermo"]
[WhiteFideId "10609431"]
[BlackFideId "2209764"]
[WhiteElo "1803"]
[BlackElo "2461"]
[Result "0-1"]
[Round "02"]
[TimeControl "180+1"]
[Date "2022.03.22"]
[WhiteClock "0:00:43"]
[BlackClock "0:01:29"]

1. d4 Nf6 2. Nf3 e6 3. Bf4 d5 4. Nbd2 c5 5. c3 Nc6 6. Bg5 h6 7. Bxf6 Qxf6 8. e4 cxd4 9. exd5 exd5 10. Bb5 dxc3 11. bxc3 Bc5 12. Qe2+ Be6 13. O-O O-O 14. Bxc6 bxc6 15. Ne5 Rfe8 16. Nxc6 Bd7 17. Qa6 Qxc6 18. Qd3 Rac8 19. Nb3 Bb6 20. Rac1 Qc4 21. Qg3 Re2 22. Nd4 Bxd4 23. cxd4 Qxc1 24. Rxc1 Rxc1# 0-1


[Site "https://www.chess.com"]

[Event "Titled Tuesday Blitz March 22 Early 2022"]
[White "Brodowski, Piotr"]
[Black "Hakobyan, Aram"]
[WhiteFideId "1124480"]
[BlackFideId "13306677"]
[WhiteElo "2422"]
[BlackElo "2557"]
[Result "0-1"]
[Round "02"]
[TimeControl "180+1"]
[Date "2022.03.22"]
[WhiteClock "0:00:16"]
[BlackClock "0:00:38"]

1. c4 e5 2. Nc3 Nf6 3. Nf3 Nc6 4. e4 Bd6 5. Be2 O-O 6. O-O Re8 7. a3 a5 8. d3 Bc5 9. Be3 d6 10. Nd2 Nd4 11. Nb3 b6 12. Bxd4 Bxd4 13. Nxd4 exd4 14. Nb1 a4 15. Nd2 Nd7 16. f4 Nc5 17. Nf3 Nb3 18. Rb1 Bd7 19. Qe1 b5 20. cxb5 Bxb5 21. Qg3 Qf6 22. Rbd1 Rxe4 23. dxe4 Bxe2 24. e5 Qf5 25. Nxd4 Nxd4 26. Rxd4 Bxf1 27. Kxf1 dxe5 28. Rd5 Qb1+ 29. Qe1 Qxe1+ 30. Kxe1 exf4 31. Rd4 g5 32. Kd2 Kg7 33. Rc4 Ra7 34. Rc6 f6 35. Kc3 Kg6 36. b4 g4 37. Kd4 Kg5 38. Rc5+ f5 39. Ra5 Rb7 40. Rxa4 Rb6 41. Ra5 Rd6+ 42. Kc3 f3 43. gxf3 gxf3 44. Re5 f2 0-1


[Site "https://www.chess.com"]

[Event "Titled Tuesday Blitz March 22 Early 2022"]
[White "Brunner, Nicolas"]
[Black "Bryakin, Mikhail"]
[WhiteFideId "620246"]
[BlackFideId "4165314"]
[WhiteElo "2372"]
[BlackElo "2417"]
[Result "0-1"]
[Round "02"]
[TimeControl "180+1"]
[Date "2022.03.22"]
[WhiteClock "0:00:22"]
[BlackClock "0:00:57"]

1. d4 Nf6 2. c4 e5 3. dxe5 Ng4 4. Nf3 Nc6 5. e3 Bb4+ 6. Bd2 Bxd2+ 7. Qxd2 Ngxe5 8. Nxe5 Nxe5 9. Be2 d6 10. O-O O-O 11. Nc3 a5 12. b3 b6 13. f4 Ng6 14. Bf3 Rb8 15. g3 Bb7 16. e4 Re8 17. Rae1 Nf8 18. Bg2 Ne6 19. Kh1 Nc5 20. Qd4 Qf6 21. Qxf6 gxf6 22. Nd5 Bxd5 23. exd5 Nd3 24. Rd1 Re3 25. Rd2 Rbe8 26. Kg1 Nc5 27. Rf3 Re2 28. Rf2 Re1+ 29. Rf1 R1e7 30. Kf2 Kg7 31. Bf3 f5 32. Rfd1 Kf6 33. Rd4 Re3 34. R1d2 Rc3 35. Re2 Rxe2+ 36. Kxe2 Rc1 37. Rd1 Rc3 38. Rd2 a4 39. b4 Ne4 40. Bxe4 fxe4 41. Rd4 Rc2+ 42. Ke3 Rxh2 43. Rxe4 Rxa2 44. Re8 Rb2 45. b5 Rb3+ 46. Kf2 a3 47. Rc8 Rb4 48. Ra8 Rxc4 49. Rxa3 Rc5 50. Ra7 Ke7 51. Kf3 Kd7 52. Ke4 Rxb5 53. Ra8 Rb3 54. g4 Ke7 55. Rh8 Rb4+ 56. Kf5 Rd4 57. Rxh7 Rxd5+ 58. Ke4 Ra5 59. g5 Ke6 60. Rh8 d5+ 61. Kf3 Kf5 62. Rf8 Ra3+ 63. Ke2 Ke6 64. Re8+ Kd7 65. Rf8 Ke7 66. Rc8 c5 67. f5 Rg3 68. Rc7+ Kd6 69. Rxf7 Rxg5 70. Rf6+ Ke5 71. Rxb6 Rxf5 72. Rb8 Kd4 0-1


[Site "https://www.chess.com"]

[Event "Titled Tuesday Blitz March 22 Early 2022"]
[White "Buscar, Michael"]
[Black "Agasarov, Benik"]
[WhiteFideId "2603616"]
[BlackFideId "13314823"]
[WhiteElo "2010"]
[BlackElo "2557"]
[Result "0-1"]
[Round "02"]
[TimeControl "180+1"]
[Date "2022.03.22"]
[WhiteClock "0:01:15"]
[BlackClock "0:02:16"]

1. c4 e5 2. Nf3 Nc6 3. g3 e4 4. Ng1 Nf6 5. Bg2 Bc5 6. Nc3 Qe7 7. d3 exd3 8. Qxd3 Ne5 9. Qf5 d6 10. Qg5 Nd3+ 11. Kf1 Nxf2 12. Qxg7 Rg8 13. Qh6 Nxh1 14. Bxh1 Ng4 15. Qxh7 Qf6+ 16. Nf3 Rh8 17. Qe4+ Qe6 18. Qf4 Nxh2+ 19. Nxh2 Rxh2 20. Bg2 Rxg2 21. Kxg2 Qh3+ 22. Kf3 Qh1# 0-1


[Site "https://www.chess.com"]

[Event "Titled Tuesday Blitz March 22 Early 2022"]
[White "Chen, Qi b"]
[Black "Grandelius, Nils"]
[WhiteFideId "8614733"]
[BlackFideId "1710400"]
[WhiteElo "2432"]
[BlackElo "2617"]
[Result "1/2-1/2"]
[Round "02"]
[TimeControl "180+1"]
[Date "2022.03.22"]
[WhiteClock "0:00:10"]
[BlackClock "0:00:15"]

1. e4 c6 2. d4 d5 3. e5 c5 4. Nf3 cxd4 5. Nxd4 Nc6 6. Nxc6 bxc6 7. Bd3 e6 8. O-O Ne7 9. Nd2 Ng6 10. Nf3 Be7 11. Re1 O-O 12. c4 f6 13. exf6 Bxf6 14. Qc2 Qe8 15. Bxg6 Qxg6 16. Qxg6 hxg6 17. Ne5 Ba6 18. cxd5 exd5 19. Nd7 Rfe8 20. Nxf6+ gxf6 21. Bd2 Kf7 22. f3 Rab8 23. b3 c5 24. Rxe8 Rxe8 25. Re1 Rc8 26. Rc1 Bd3 27. Be3 c4 28. bxc4 dxc4 29. Bxa7 Ra8 30. Bd4 Rxa2 31. h4 Ra5 32. Kh2 Rd5 33. Bc3 Rd6 34. Ra1 g5 35. Kg3 gxh4+ 36. Kxh4 Kg6 37. g4 Be2 38. f4 f5 39. Be5 Re6 40. g5 Rc6 41. Rc1 Kf7 42. Kg3 Ke6 43. Kf2 Bd3 44. Ke3 Kd5 45. Rg1 Rg6 46. Rh1 Be4 47. Rh6 Rg8 48. Rh8 Rxh8 49. Bxh8 Ke6 50. Kd4 Bd3 51. Be5 Bf1 52. Ke3 Kf7 53. Bc3 Bg2 54. Be5 Bd5 55. Bc3 Be6 56. Be5 Kg6 57. Bc3 Bf7 58. Kd4 Kh5 59. Ke3 Kg4 60. Bd4 Bg6 61. Be5 Bf7 62. Kd4 Kf3 63. g6 Bxg6 64. Kxc4 Ke3 65. Kd5 Kf3 66. Ke6 Kg4 67. Kf6 Be8 68. Bd6 Ba4 69. Ke5 Bc2 70. Be7 Bd1 71. Bd6 Be2 1/2-1/2


[Site "https://www.chess.com"]

[Event "Titled Tuesday Blitz March 22 Early 2022"]
[White "Chigaev, Maksim"]
[Black "Bettalli, Francesco"]
[WhiteFideId "4108116"]
[BlackFideId "2816453"]
[WhiteElo "2502"]
[BlackElo "2216"]
[Result "1-0"]
[Round "02"]
[TimeControl "180+1"]
[Date "2022.03.22"]
[WhiteClock "0:00:52"]
[BlackClock "0:01:00"]

1. d4 Nf6 2. Nf3 c5 3. d5 g6 4. Nc3 a6 5. e4 Bg7 6. d6 exd6 7. Qxd6 Nc6 8. Bf4 Qa5 9. O-O-O Nh5 10. Bd2 Qb4 11. a3 Qb6 12. e5 Bf8 13. Qd5 Nd4 14. Bc4 Qe6 15. Nxd4 cxd4 16. Qxd4 Qc6 17. Bd5 Qc5 18. Qd3 Ng7 19. Ne4 Qb6 20. Nf6+ Kd8 21. Bxf7 Nf5 22. Rhe1 Be7 23. Nxd7 Qd4 24. Qxd4 Nxd4 25. Nb6 Rb8 26. Be3 1-0


[Site "https://www.chess.com"]

[Event "Titled Tuesday Blitz March 22 Early 2022"]
[White "Chincholimath, Halsagar"]
[Black "Milanovic, Marko"]
[WhiteFideId "5022487"]
[BlackFideId "980129"]
[WhiteElo "1737"]
[BlackElo "2159"]
[Result "0-1"]
[Round "02"]
[TimeControl "180+1"]
[Date "2022.03.22"]
[WhiteClock "0:00:40"]
[BlackClock "0:00:18"]

1. e4 e5 2. Nf3 Nc6 3. Nc3 Nf6 4. d4 exd4 5. Nxd4 Bb4 6. Nxc6 bxc6 7. Bd3 O-O 8. O-O d5 9. Bg5 Bxc3 10. bxc3 dxe4 11. Bxf6 Qxf6 12. Bxe4 Qxc3 13. Rb1 Be6 14. Rb7 Qa5 15. a3 Rad8 16. Qf3 c5 17. Qg3 Rd4 18. Bc6 Rd6 19. Be4 Rfd8 20. h4 h6 21. f4 Qd2 22. Re1 Qd4+ 23. Kh2 a5 24. Rxc7 R6d7 25. Rxd7 Rxd7 26. f5 Bc4 27. Bc6 Rd8 28. Qc7 Qxh4+ 29. Kg1 Qxe1+ 30. Kh2 Qh4+ 31. Kg1 Qd4+ 32. Kh2 Qd6+ 33. Qxd6 Rxd6 34. Bf3 Ba2 35. f6 Rxf6 36. Kg3 Bb1 37. Be2 Bxc2 38. Bc4 a4 39. Bb3 Bxb3 40. Kg4 Be6+ 41. Kh5 c4 42. g4 c3 43. g5 c2 44. gxf6 g6+ 45. Kxh6 c1=B# 0-1


[Site "https://www.chess.com"]

[Event "Titled Tuesday Blitz March 22 Early 2022"]
[White "Chyngyz, Sultai"]
[Black "Gabrielian, Artur"]
[WhiteFideId "13803158"]
[BlackFideId "4131002"]
[WhiteElo "1365"]
[BlackElo "2440"]
[Result "0-1"]
[Round "02"]
[TimeControl "180+1"]
[Date "2022.03.22"]
[WhiteClock "0:00:08"]
[BlackClock "0:00:12"]

1. e4 c5 2. Nf3 d6 3. d4 cxd4 4. Nxd4 Nf6 5. Nc3 Nc6 6. Be2 e5 7. Nb3 Be7 8. O-O O-O 9. Bg5 Be6 10. h3 a5 11. Bb5 Na7 12. Bd3 b5 13. Nxb5 Nxb5 14. Bxf6 Bxf6 15. Bxb5 a4 16. Nd2 a3 17. b3 Bg5 18. Nf3 Bf4 19. c4 Qb6 20. Qd3 f5 21. Rad1 Rad8 22. exf5 Bxf5 23. Qd5+ Kh8 24. Nh4 Bc2 25. Rde1 g5 26. Nf3 Bg6 27. Qe6 Qc7 28. g3 Bf5 29. Qd5 Bxh3 30. gxf4 gxf4 31. Kh2 Bc8 32. Bc6 Rf6 33. Ng5 Rh6+ 34. Kg2 Rg6 35. Kf3 Rxg5 36. Rg1 Qg7 37. Rxg5 Qxg5 38. Ke2 Qf6 39. f3 Be6 40. Qe4 Bf5 41. Qd5 Bg6 42. Kd2 e4 43. fxe4 f3 44. Rf1 Rf8 45. Qd3 Qb2+ 46. Qc2 Qd4+ 47. Qd3 Qb2+ 48. Qc2 Qe5 49. Qd3 Qh2+ 50. Kc3 Qb2+ 51. Kb4 Rb8+ 52. Bb5 Qe5 53. Qc3 Bxe4 54. Qxe5+ dxe5 55. Kc5 Rf8 56. Kd6 Bd3 57. Rf2 e4 58. c5 Bxb5 59. Ke5 e3 60. Rh2 f2 61. b4 f1=Q 62. c6 Qf4+ 63. Kd5 Rf5+ 64. Ke6 Qe5+ 65. Kd7 Rf7+ 66. Kd8 Qb8# 0-1


[Site "https://www.chess.com"]

[Event "Titled Tuesday Blitz March 22 Early 2022"]
[White "Cupid, Kevin"]
[Black "Bodnar, Nikolay"]
[WhiteFideId "7700512"]
[BlackFideId "14106469"]
[WhiteElo "2096"]
[BlackElo "2296"]
[Result "0-1"]
[Round "02"]
[TimeControl "180+1"]
[Date "2022.03.22"]
[WhiteClock "0:00:12"]
[BlackClock "0:00:12"]

1. d4 d5 2. c4 e6 3. Nc3 c6 4. e3 Nf6 5. Qc2 Nbd7 6. a3 Bd6 7. b3 O-O 8. Bb2 a6 9. Nf3 b5 10. Be2 Qe7 11. O-O e5 12. cxd5 cxd5 13. dxe5 Nxe5 14. Nd4 Bd7 15. Nf5 Bxf5 16. Qxf5 Rfd8 17. Rfd1 Qe6 18. Qxe6 fxe6 19. h3 Rac8 20. Rac1 Ned7 21. Bd3 Be5 22. f4 Bb8 23. Ne2 Nc5 24. Bc2 Nce4 25. Nd4 e5 26. Nf5 Re8 27. Bxe4 Rxc1 28. Bxc1 dxe4 29. g3 exf4 30. gxf4 g6 31. Bb2 gxf5 32. Bxf6 Kf7 33. Bd4 Rd8 34. Rc1 Bxf4 35. Kf2 Bd6 36. Rc6 Bxa3 37. Rxa6 Be7 38. Ra7 Ke6 39. Rb7 Rd5 40. Rb6+ Kf7 41. Rh6 Kg8 42. Re6 Bf8 43. Kg3 Rd6 44. Re8 Kf7 45. Rxf8+ Kxf8 46. Bc5 Ke7 47. Kf4 Ke6 48. Bxd6 Kxd6 49. Kxf5 Kd5 50. Kf4 Kc5 51. Kxe4 Kb4 52. Kd5 Kxb3 53. e4 b4 54. e5 Kc3 55. e6 b3 56. e7 b2 57. e8=Q b1=Q 58. Qc6+ Kd2 59. Qc4 Qf5+ 60. Kd4 Qxh3 61. Qb4+ Ke2 62. Qb2+ Kf3 63. Qc3+ Kg4 64. Qc8+ Kg3 65. Qc3+ Kh2 66. Qd2+ Kh1 67. Qe1+ Kg2 68. Qd2+ Kf3 69. Qe3+ Kg4 70. Qe6+ Kh4 71. Qh6+ Kg3 72. Qe3+ Kg4 73. Qe6+ Kg3 74. Qe3+ Kh2 75. Qf2+ Kh1 76. Qe1+ Kg2 77. Qe2+ Kg1 78. Qe1+ Qf1 79. Qg3+ Qg2 80. Qe3+ Qf2 81. Qxf2+ Kxf2 82. Ke4 Kg3 83. Ke3 h5 84. Ke2 Kg2 85. Ke3 h4 86. Kf4 h3 87. Kg4 h2 0-1


[Site "https://www.chess.com"]

[Event "Titled Tuesday Blitz March 22 Early 2022"]
[White "Dahlgren, James Allen"]
[Black "Pourkashiyan, Atousa"]
[WhiteFideId "22256873"]
[BlackFideId "12502014"]
[WhiteElo "2105"]
[BlackElo "2247"]
[Result "0-1"]
[Round "02"]
[TimeControl "180+1"]
[Date "2022.03.22"]
[WhiteClock "0:00:24"]
[BlackClock "0:00:19"]

1. d3 d5 2. f4 Nc6 3. Nf3 Bg4 4. g3 Bxf3 5. exf3 e5 6. fxe5 Nxe5 7. Bg2 Nf6 8. O-O Be7 9. Nc3 O-O 10. f4 Nc6 11. h3 Re8 12. Qf3 Bc5+ 13. Kh2 Nd4 14. Qd1 c6 15. a3 Nf5 16. b4 Bd4 17. Qd2 Ne3 18. Rf3 Nh5 19. Bb2 Nxg2 20. Kxg2 Qe7 21. Raf1 Rad8 22. g4 Nf6 23. Kg3 h6 24. Nd1 Bxb2 25. Nxb2 Qe2 26. Qxe2 Rxe2 27. R1f2 Rde8 28. Nd1 Nd7 29. Rxe2 Rxe2 30. Rf2 Re1 31. Rd2 d4 32. Kf2 Re7 33. Re2 Kf8 34. Rxe7 Kxe7 35. Nb2 Nf6 36. Nc4 Nd5 37. Kf3 Kd7 38. Ne5+ Ke6 39. Ke4 Ne3 40. f5+ Kd6 41. Nxf7+ Ke7 42. Ne5 Nxc2 43. h4 Nxa3 44. Kxd4 Nb5+ 45. Kc5 Nc7 46. g5 hxg5 47. hxg5 Nd5 48. Ng6+ Kf7 49. Ne5+ Ke7 50. Ng6+ Kd7 51. Ne5+ Kc7 52. d4 Ne3 53. f6 b6# 0-1


[Site "https://www.chess.com"]

[Event "Titled Tuesday Blitz March 22 Early 2022"]
[White "Daneshvar, Bardiya"]
[Black "Li, Xueyi"]
[WhiteFideId "12576468"]
[BlackFideId "8605912"]
[WhiteElo "2295"]
[BlackElo "2091"]
[Result "1-0"]
[Round "02"]
[TimeControl "180+1"]
[Date "2022.03.22"]
[WhiteClock "0:01:47"]
[BlackClock "0:01:19"]

1. b3 e5 2. Bb2 Nc6 3. e3 Nf6 4. Bb5 Bd6 5. Na3 a6 6. Bxc6 dxc6 7. Nc4 O-O 8. Nxe5 Re8 9. Ngf3 Ng4 10. Nxg4 Bxg4 11. h3 Bh5 12. Qe2 a5 13. a4 c5 14. O-O-O Qe7 15. g4 Bg6 16. h4 Be4 17. d3 Bc6 18. e4 b5 19. axb5 Bxb5 20. e5 c6 21. h5 a4 22. h6 g6 23. Qd2 Bc7 24. e6 Ba5 25. Qg5 Qxe6 26. Qxc5 axb3 27. c4 Qxg4 28. Nd4 Qf4+ 29. Kb1 Qxf2 30. cxb5 cxb5 31. Nxb3 1-0


[Site "https://www.chess.com"]

[Event "Titled Tuesday Blitz March 22 Early 2022"]
[White "Demchenko, Anton"]
[Black "Le Ruyet, Leopold"]
[WhiteFideId "4160258"]
[BlackFideId "645923"]
[WhiteElo "2539"]
[BlackElo "2276"]
[Result "1-0"]
[Round "02"]
[TimeControl "180+1"]
[Date "2022.03.22"]
[WhiteClock "0:00:32"]
[BlackClock "0:00:15"]

1. e4 e6 2. d4 d5 3. Nc3 Bb4 4. exd5 exd5 5. Bd3 Nc6 6. Nf3 Nge7 7. O-O Bf5 8. Bxf5 Nxf5 9. Qd3 Qd7 10. Re1+ Nfe7 11. Bf4 f6 12. Re2 g5 13. Bg3 O-O-O 14. Nb5 Ba5 15. c3 h5 16. h4 g4 17. Nd2 Qf5 18. Qe3 Rde8 19. a4 a6 20. Na3 Kd7 21. Rae1 Qg6 22. Qe6+ Kd8 23. b4 Bb6 24. a5 Ba7 25. b5 axb5 26. Nxb5 Bb8 27. Nb3 Qf5 28. Nc5 Qxe6 29. Nxe6+ Kd7 30. Bxc7 Nf5 31. Nc5+ Kc8 32. Rxe8+ 1-0


[Site "https://www.chess.com"]

[Event "Titled Tuesday Blitz March 22 Early 2022"]
[White "Demin, Vladimir"]
[Black "Khamdamova, Afruza"]
[WhiteFideId "4167457"]
[BlackFideId "14210444"]
[WhiteElo "2532"]
[BlackElo "1660"]
[Result "1-0"]
[Round "02"]
[TimeControl "180+1"]
[Date "2022.03.22"]
[WhiteClock "0:00:38"]
[BlackClock "0:00:10"]

1. d4 Nf6 2. g4 Nxg4 3. e4 d5 4. Be2 Nf6 5. e5 Ng8 6. c4 e6 7. Nc3 c6 8. Nf3 Ne7 9. Rg1 Nf5 10. Bd3 Nd7 11. Bxf5 exf5 12. cxd5 cxd5 13. Nxd5 Nb6 14. Nc3 Nd5 15. Qb3 Nxc3 16. bxc3 b6 17. Bg5 Qc7 18. O-O-O h6 19. Be3 Bb7 20. d5 O-O-O 21. Kb1 g5 22. d6 Qd7 23. Nd4 Bg7 24. f4 Be4+ 25. Ka1 g4 26. Nb5 Kb7 27. Rd4 Qe6 28. Qa4 a5 29. Nc7 Qd7 30. Qb3 f6 31. Qxb6+ Kxb6 32. Rb4+ 1-0


[Site "https://www.chess.com"]

[Event "Titled Tuesday Blitz March 22 Early 2022"]
[White "Devaev, Alexander"]
[Black "Rostovtsev, Dmitry"]
[WhiteFideId "4169395"]
[BlackFideId "34278320"]
[WhiteElo "2185"]
[BlackElo "2359"]
[Result "1-0"]
[Round "02"]
[TimeControl "180+1"]
[Date "2022.03.22"]
[WhiteClock "0:02:05"]
[BlackClock "0:02:29"]

1. d4 Nf6 2. c4 g6 3. Nc3 Bg7 4. e4 d6 5. Nf3 O-O 6. h3 Nc6 7. Bg5 Nd7 8. Be2 h6 9. Be3 e5 10. d5 Ne7 11. g4 f5 12. gxf5 gxf5 13. Qc2 f4 14. Bd2 b6 15. O-O-O a5 16. Nh2 Nf6 17. Ng4 Nxg4 18. Bxg4 Bxg4 19. hxg4 Qd7 20. f3 Ng6 21. Rh5 Qe7 22. Rdh1 Rf7 23. Be1 Nf8 24. Bh4 Qe8 25. Qh2 Nh7 26. g5 Nxg5 27. Bxg5 hxg5 28. Rh8+ Bxh8 29. Qxh8# 1-0


[Site "https://www.chess.com"]

[Event "Titled Tuesday Blitz March 22 Early 2022"]
[White "Dilanyan, Grigor"]
[Black "Fiol, Fabrice"]
[WhiteFideId "13303570"]
[BlackFideId "611670"]
[WhiteElo "2279"]
[BlackElo "2512"]
[Result "1-0"]
[Round "02"]
[TimeControl "180+1"]
[Date "2022.03.22"]
[WhiteClock "0:01:04"]
[BlackClock "0:00:03"]

1. e4 c5 2. Nc3 a6 3. Nf3 e6 4. d4 cxd4 5. Nxd4 b5 6. g4 Bb7 7. Bg2 h5 8. g5 Ne7 9. Be3 Ng6 10. Qd2 Nc6 11. h4 Bb4 12. O-O-O Rc8 13. a3 Bxc3 14. Qxc3 Nce5 15. Qb4 Nc4 16. Kb1 Nxe3 17. fxe3 Qc7 18. Rhf1 Ne5 19. Qb3 Qc4 20. Qxc4 Nxc4 21. Rde1 Nd2+ 22. Kc1 Nxf1 23. Rxf1 O-O 24. Kd2 g6 25. c3 Kg7 26. Bf3 d6 27. Ra1 Rfe8 28. a4 bxa4 29. Rxa4 Red8 30. b4 e5 31. Nb3 d5 32. exd5 Bxd5 33. Bxd5 Rxd5+ 34. Kc2 Rc6 35. Nc5 f6 36. gxf6+ Rxf6 37. Nxa6 Rf2+ 38. Kb3 Rdd2 39. Nc5 Rh2 40. Ra7+ Kf8 41. Ne6+ Ke8 42. e4 Rxh4 43. b5 Rd6 44. Nc7+ Kd8 45. Nd5 Rxe4 46. c4 Rxd5 47. cxd5 h4 48. b6 Kc8 49. d6 Rd4 50. Rc7+ Kb8 51. d7 h3 52. Rc8+ Kb7 53. d8=Q Rxd8 54. Rxd8 g5 55. Rg8 e4 56. Rxg5 e3 57. Kc3 Kxb6 58. Kd3 h2 59. Rh5 e2 60. Kxe2 1-0


[Site "https://www.chess.com"]

[Event "Titled Tuesday Blitz March 22 Early 2022"]
[White "Dinu, Dumitru-Daniel"]
[Black "Khripachenko, Alexander"]
[WhiteFideId "1208403"]
[BlackFideId "54184975"]
[WhiteElo "2240"]
[BlackElo "2177"]
[Result "0-1"]
[Round "02"]
[TimeControl "180+1"]
[Date "2022.03.22"]
[WhiteClock "0:00:09"]
[BlackClock "0:00:58"]

1. e4 c5 2. Nf3 d6 3. d4 cxd4 4. Nxd4 Nf6 5. Nc3 a6 6. f3 e6 7. Be3 b5 8. Qd2 Bb7 9. g4 Nfd7 10. O-O-O Nb6 11. Nb3 N8d7 12. Na5 Qc7 13. h4 Rc8 14. a3 Be7 15. g5 Ne5 16. Be2 Ba8 17. h5 d5 18. exd5 Nxd5 19. Nxd5 Bxd5 20. g6 b4 21. gxf7+ Kxf7 22. Bf4 bxa3 23. Bxe5 Qxe5 24. c4 axb2+ 25. Qxb2 Bg5+ 26. Kb1 Rb8 27. Nb3 Rxb3 28. Qxb3 Rb8 29. Qxb8 Qxb8+ 30. Kc2 Bc6 31. Rhg1 Bf6 32. Rb1 Qe5 33. Rge1 Qc3+ 34. Kd1 Ba4+ 0-1


[Site "https://www.chess.com"]

[Event "Titled Tuesday Blitz March 22 Early 2022"]
[White "Dudzinski, Pawel"]
[Black "Obolentseva, Alexandra"]
[WhiteFideId "1117890"]
[BlackFideId "24153648"]
[WhiteElo "2033"]
[BlackElo "2113"]
[Result "0-1"]
[Round "02"]
[TimeControl "180+1"]
[Date "2022.03.22"]
[WhiteClock "0:00:21"]
[BlackClock "0:00:46"]

1. e4 c5 2. Nc3 d6 3. g3 g6 4. Bg2 Bg7 5. d3 Nf6 6. Be3 O-O 7. h3 Nbd7 8. Nge2 Rb8 9. d4 cxd4 10. Nxd4 a6 11. O-O Ne5 12. b3 Qc7 13. Nce2 b5 14. f4 Ned7 15. Rc1 Bb7 16. c4 Qa5 17. cxb5 axb5 18. Nc6 Bxc6 19. Rxc6 Qxa2 20. Rc7 Rfc8 21. Ra7 Qc2 22. g4 Qxd1 23. Rxd1 Nc5 24. Bxc5 dxc5 25. Rxe7 c4 26. bxc4 bxc4 27. e5 c3 28. Nxc3 Rxc3 29. exf6 Bxf6 30. Re2 Rc7 31. Rf1 Bd4+ 32. Kh1 Kg7 33. f5 gxf5 34. Rxf5 Rb1+ 35. Rf1 Rb5 36. Be4 Rb3 37. Rf3 Rc1+ 38. Kg2 Rg1+ 39. Kh2 Rxf3 40. Bxf3 Rf1 41. Kg2 Rg1+ 42. Kh2 Rc1 43. Kg2 Rc7 44. Be4 Bf6 45. Bf5 Bh4 46. Rd2 Re7 47. Rd7 Re2+ 48. Kf3 Rf2+ 49. Ke4 Rh2 50. Be6 Re2+ 51. Kf5 Rxe6 52. g5 Rg6 53. Kg4 Bxg5 54. Kh5 Bf6 55. h4 Rh6+ 56. Kg4 Rxh4+ 57. Kf5 Rh5+ 58. Kg4 Rg5+ 59. Kf4 Rg6 60. Kf5 h5 61. Rd3 h4 62. Rh3 Rg3 63. Rh1 h3 64. Kf4 Bh4 65. Rh2 Ra3 66. Kg4 Bf6 67. Rxh3 Rxh3 68. Kxh3 Kg6 69. Kg4 Bg7 70. Kf3 Kf6 71. Kg2 Kf5 72. Kf3 f6 73. Kg3 Bh6 74. Kf2 Kf4 75. Kg2 f5 76. Kf2 Kg4 77. Kf1 Kf3 78. Kg1 Ke2 79. Kg2 f4 0-1


[Site "https://www.chess.com"]